 Dungeon Crawl Stone Soup version 0.30-a0-743-gbfdf073431 (webtiles) character file.

Game seed: 16256966625651442683

169400 Rrauwl the Severer (level 17, -20/140 HPs)
             Began as a Minotaur Warper on Feb 6, 2023.
             Was the Champion of Hepliaklqana.
             Demolished by Asterion
             ... wielding a +2 morningstar of protection
              (24 damage)
             ... on level 1 of the Elven Halls.
             The game lasted 01:46:56 (26806 turns).

Rrauwl the Severer (Minotaur Warper)               Turns: 26806, Time: 01:46:56

Health: -20/140    AC: 29    Str: 23    XL:     17   Next: 35%
Magic:  23/23      EV: 20    Int: 11    God:    Hepliaklqana [******]
Gold:   3241       SH:  0    Dex: 12    Spells: 13/24 levels left

rFire   + . .      SeeInvis +    a - +6 war axe (protect)
rCold   + . .      Faith    .    Q - +0 tower shield
rNeg    . . .      Spirit   .    G - +4 troll leather armour
rPois   +          Reflect  .    J - +2 hat
rElec   +          Harm     .    j - +2 cloak
rCorr   +          Rampage  .    V - +1 pair of gloves {Stlth+}
Will    +....                    B - +0 pair of boots
Stlth   ++                       N - amulet of regeneration
HPRegen 2.03/turn                f - ring of see invisible
MPRegen 0.18/turn                l - +5 ring of evasion

@: confused, resistant, under a protective aura
A: reduced essence, horns 2, retaliatory headbutt, iridescent scales 1, strong
1, wild magic 1
a: Renounce Religion, Recall Ancestor, Ancestor Identity, Transference, Idealise


You were on level 1 of the Elven Halls.
You worshipped Hepliaklqana.
Hepliaklqana was exalted by your worship.
You visited 7 branches of the dungeon, and saw 28 of its levels.
You visited the Abyss 1 time.
You also visited: Ice Cave.

You collected 4919 gold pieces.
You spent 1678 gold pieces at shops.

Inventory:

Hand Weapons
 a - a +6 war axe of protection (weapon)
 b - a +0 heavy morningstar
Missiles
 d - 8 boomerangs of dispersal (quivered)
 r - 2 throwing nets
 v - 2 silver boomerangs
 E - 4 silver javelins
Armour
 j - a +2 cloak (worn)
 B - a +0 pair of boots (worn)
 G - a +4 troll leather armour (worn)
 J - a +2 hat (worn)
 Q - a +0 tower shield (worn)
 S - a scarf of shadows
 V - a +1 pair of gloves of stealth (worn)
 W - a scarf of invisibility
Jewellery
 f - a ring of see invisible (left hand)
 k - a ring of protection from cold
 l - a +5 ring of evasion (right hand)
 o - a +6 ring of dexterity
 x - a ring of protection from cold
 F - a ring of willpower
 M - a ring of poison resistance
 N - an amulet of regeneration (around neck)
Wands
 q - a wand of flame (2)
 A - a wand of polymorph (2)
 P - a wand of paralysis (3)
Scrolls
 c - a scroll of amnesia
 e - 6 scrolls of enchant weapon
 n - 11 scrolls of teleportation
 p - 4 scrolls of butterflies
 u - 3 scrolls of immolation
 y - 3 scrolls of poison
 C - 11 scrolls of identify
 H - a scroll of vulnerability
 I - 3 scrolls of fog
 R - 3 scrolls of magic mapping
Potions
 h - 5 potions of brilliance
 i - 2 potions of magic
 m - 3 potions of resistance
 s - 2 potions of flight
 t - 4 potions of lignification
 w - 3 potions of mutation
 z - 7 potions of attraction
Miscellaneous
 g - a piece from Xom's chessboard (15/15)
 L - a lightning rod (4/4)
 T - a box of beasts


   Skills:
 - Level 15.0 Fighting
 - Level 18.0 Axes
 - Level 1.0 Throwing
 - Level 15.0 Armour
 - Level 15.0 Dodging
 + Level 11.3 Shields
 - Level 4.0 Spellcasting
 - Level 8.0 Translocations
 - Level 10.0 Invocations
 - Level 5.0 Evocations


You had 13 spell levels left.
You knew the following spells:

 Your Spells              Type           Power      Damage    Failure   Level
a - Blink                 Tloc           50%        N/A       12%         2
b - Lesser Beckoning      Tloc           50%        N/A       12%         2
c - Apportation           Tloc           50%        N/A       9%          1
d - Teleport Other        Tloc           25%        N/A       22%         3
e - Vhi's Electric Charg  Tloc/Air       28%        N/A       71%         3

Your spell library contained the following spells:

 Spells                   Type           Power      Damage    Failure   Level
 Momentum Strike          Conj/Tloc      28%        3d8       47%         2
 Manifold Assault         Tloc           25%        N/A       54%         4
 Necrotise                Necr           8%         1d4       86%         1
 Summon Small Mammal      Summ           8%         N/A       86%         1
 Ensorcelled Hibernation  Hex/Ice        4%         N/A       95%         2
 Passwall                 Tmut/Erth      1%         N/A       95%         2
 Scorch                   Fire           4%         2d5       95%         2
 Searing Ray              Conj           4%         2d4       95%         2
 Sublimation of Blood     Necr           2%         N/A       95%         2
 Wereblood                Tmut           2%         N/A       95%         2
 Dazzling Flash           Conj/Hex       4%         N/A       99%         3
 Frozen Ramparts          Ice            4%         1d1       99%         3
 Inner Flame              Hex/Fire       2%         N/A       99%         3
 Swiftness                Air            2%         N/A       99%         3
 Vampiric Draining        Necr           2%         2d6       99%         3
 Flame Wave               Conj/Fire      2%         2d4       100%        4
 Ice Form                 Ice/Tmut       2%         N/A       100%        4
 Sticky Flame             Conj/Fire      2%         2d3       100%        4
 Summon Ice Beast         Ice/Summ       2%         N/A       100%        4
 Agony                    Necr           2%         N/A       100%        5
 Fireball                 Conj/Fire      1%         3d3       100%        5
 Silence                  Hex/Air        1%         N/A       100%        5
 Summon Cactus Giant      Summ           1%         N/A       100%        6
 Summon Hydra             Summ           1%         N/A       100%        7


Dungeon Overview and Level Annotations

Branches:
Dungeon (15/15)            Temple (1/1) D:6            Lair (5/5) D:11
 Shoals (0/4) Lair:2       Spider (3/4) Lair:2        Slime (0/5) Lair:4
    Orc (2/2) D:11            Elf (1/3) Orc:2        Vaults (0/5) D:13
 Depths (1/4) D:15          IceCv (visited)

Altars:
Ashenzari
Cheibriados
Dithmenos
Elyvilon
Fedhas
Gozag
Hepliaklqana
Kikubaaqudgha
Makhleb
Nemelex Xobeh
Okawaru
Qazlal
Ru
Sif Muna
Trog
Uskayaw
Vehumet
Wu Jian
Xom
Yredelemnul
Zin
The Shining One
Jiyva

Shops:
D:5 (   D:7 *   D:8 !   D:11 [   D:12 *   Orc:2 =[[*

Annotations:
Lair:1 2 transporters
Elf:1 Asterion, Jorgrun
Depths:1 Sojobo


Innate Abilities, Weirdness & Mutations

Your life essence is reduced to manifest your ancestor. (-10% HP)
You have a pair of horns on your head.
You reflexively headbutt those who attack you in melee.
You are partially covered in iridescent scales. (AC +2)
Your muscles are strong. (Str +4, Int/Dex -1)
Your spells are a little harder to cast, but a little more powerful.


Message History

The deep elf zephyrmancer casts a spell.
The deep elf zephyrmancer blinks!
The deep elf archer closely misses you.
You slash the deep elf archer!
You kill the deep elf archer!
You slash Asterion! The deep elf knight blocks your attack.
You hit the deep elf knight.
Jorgrun gestures at the rock wall while chanting.
You hear a grinding noise.
Asterion misses you. Asterion barely misses you.
The deep elf knight casts a spell at you.
The shard of ice hits you!! You partially resist.
* * * LOW HITPOINT WARNING * * *
The deep elf knight gestures wildly while chanting.
The deep elf knight flickers and vanishes for a moment.
Asterion closely misses you. Asterion gores you but does no damage.
You are too confused!
Okay, then.
You are too confused!
Asterion blocks your attack.
Asterion is severely wounded.
You hit the deep elf knight but do no damage.
You miss the deep elf knight. The deep elf knight barely misses you.
A water elemental comes into view.
Some rock shatters into small pieces.
Asterion hits you but does no damage. Asterion gores you.
* * * LOW HITPOINT WARNING * * *
The deep elf knight casts a spell at you.
The lance of force hits you!!
* * * LOW HITPOINT WARNING * * *
The deep elf knight casts a spell.
The deep elf knight seems to speed up.
The deep elf zephyrmancer mumbles some strange words.
The deep elf zephyrmancer blinks!
You slash Asterion!
Asterion is severely wounded.
You slash the deep elf knight! You closely miss the deep elf knight.
Jorgrun says, "May tha earth consume ye!"
Asterion chants a prayer to Makhleb.
Asterion hits you with a +2 morningstar of protection!!
You die...

# ##'#....+
##.###+### ... ##>##
.. ##.## .. ##.##
###### #. #.##
#...#.#.# .##
#...##..## ##
####...#.g..##.# #
#####....#..)@e.e..#
#.......###.eH).#.'#
#...#....#......#
####...####...##ยง..#
#.....#...#...#....E
#....#........#....##
#...#.....#####....#
#.##...#### .^...#
...#...#


You could see Asterion (fast), Jorgrun (fast), 2 deep elf knights, a water
elemental and a deep elf zephyrmancer.

Vanquished Creatures
  A tentacled starspawn (Abyss:2)
  Agnes (D:14)
  Louise (D:14)
  An emperor scorpion (Spider:1)
  A frost giant (IceCv)
  A deep elf demonologist (Elf:1)
  2 spark wasps
  A deep elf annihilator (Elf:1)
  A fire dragon (Lair:5)
  2 ettins (Orc:1)
  4 entropy weavers
  Josephine (D:14)
  An ogre mage (D:15)
  4 hydras
  A death knight (D:15)
  A boulder beetle (D:14)
  3 centaur warriors
  A radroach (Spider:1)
  Erica (D:8)
  5 two-headed ogres
  12 death yaks
  6 orc high priests
  A thrashing horror (Abyss:2)
  6 deep elf knights
  A wretched star (Abyss:2)
  Sonja (D:10)
  A sixfirhy (Abyss:2)
  3 pharaoh ants (Spider:2)
  4 skeletal warriors (D:13)
  A lindwurm (Lair:5)
  5 deep elf archers (Elf:1)
  3 deep elf zephyrmancers (Elf:1)
  3 harpies (Lair:2)
  15 deep elf pyromancers
  3 orc sorcerers
  11 orc knights
  10 wolf spiders
  5 cyclopes
  16 ugly things
  5 manticores
  6 large abominations (Abyss:2)
  2 moths of wrath
  Maurice (Orc:1)
  4 black mambas
  An ice statue (IceCv)
  3 elephants (Lair:2)
  A molten gargoyle (Lair:5)
  3 torpor snails
  A demonic crawler (Spider:1)
  A gargoyle (D:12)
  7 cane toads
  16 komodo dragons
  3 kobold demonologists
  An ancient zyme (Abyss:2)
  8 yaktaurs
  2 freezing wraiths (D:15)
  A rime drake (Lair:3)
  A meliai (Lair:2)
  A meliai (shapeshifter) (Elf:1)
  14 polar bears
  4 trolls
  2 hornets
  12 tarantellas
  28 blink frogs
  A dream sheep (Lair:5)
  11 jumping spiders (Spider:2)
  6 slime creatures
  A vampire (D:10)
  10 wraiths
  10 culicivoras
  6 wyverns
  7 basilisks
  50 yaks
  2 steam dragons (D:6)
  27 redbacks
  5 wargs
  8 vampire mosquitoes
  An acid dragon (D:8)
  13 water moccasins
  Edmund (D:5)
  5 hell hounds (Lair:5)
  34 orc warriors
  4 ice beasts
  3 black bears
  9 ogres
  A sky beast (D:7)
  5 boggarts (D:15)
  8 centaurs
  54 wolves
  A phantom (D:4)
  8 kobold brigands
  2 necrophages
  9 bullfrogs
  An earth elemental (Elf:1)
  A gnoll sergeant (D:7)
  2 scorpions (D:5)
  12 killer bees
  8 howler monkeys
  5 electric eels
  3 lava snakes (Lair:5)
  32 orc priests
  3 jellies
  11 hounds
  Crazy Yiuf (D:2)
  Ijyb (D:4)
  24 orc wizards
  Robin (D:2)
  14 adders
  4 gnolls (D:7)
  A shadow imp (D:7)
  11 white imps
  An ufetubus (D:6)
  A worm (D:5)
  3 dart slugs
  97 orcs
  12 bats
  5 endoplasms
  4 giant cockroaches
  23 goblins
  7 hobgoblins
  8 jackals
  32 kobolds
  A quokka (D:2)
  4 ball pythons
  A frilled lizard (D:2)
  5 rats
  A lurking horror (Abyss:2)
911 creatures vanquished.

Vanquished Creatures (collateral kills)
  A lich (Abyss:2)
  A tentacled starspawn (Abyss:2)
  An emperor scorpion (Spider:1)
  A ghost moth (Spider:1)
  A stone giant (D:15)
  An orc warlord (Orc:2)
  A yaktaur captain (D:15)
  An entropy weaver (Spider:1)
  A deep elf high priest (Elf:1)
  A hydra (Lair:5)
  3 boulder beetles
  Erolcha (D:9)
  2 two-headed ogres
  A death yak (Lair:5)
  A centaur warrior (D:15)
  A skeletal warrior (D:13)
  2 orb spiders (Spider:2)
  A deep elf archer (Elf:1)
  A wolf spider (Spider:2)
  4 ugly things
  A cyclops (D:11)
  A manticore (D:14)
  A torpor snail (Spider:2)
  A molten gargoyle (Lair:5)
  2 cane toads
  2 komodo dragons
  A rime drake (Lair:5)
  A yaktaur (D:15)
  A troll (Orc:2)
  A hornet (D:10)
  A harpy zombie (Abyss:2)
  5 polar bears
  2 blink frogs (Lair:3)
  2 tarantellas (Spider:1)
  4 dream sheep (Lair:5)
  4 jumping spiders
  A slime creature (D:13)
  3 culicivoras
  A shadow (D:10)
  2 wyverns (Lair:5)
  A vampire (D:12)
  A wraith (D:14)
  9 yaks
  A basilisk (Lair:4)
  2 vampire mosquitoes
  A steam dragon (Lair:5)
  2 redbacks
  A warg (Orc:1)
  A water moccasin (Lair:3)
  8 orc warriors
  2 ice beasts (D:7)
  An ogre (D:15)
  7 wolves
  A kobold brigand (D:14)
  A bullfrog (Lair:2)
  7 killer bees
  A howler monkey (D:8)
  4 orc priests
  3 orc wizards
  A gnoll (D:7)
  5 white imps
  18 orcs
  A kobold (D:7)
143 creatures vanquished.

Vanquished Creatures (others)
  3 deep elf zephyrmancers (Elf:1)
  2 polar bears (IceCv)
  A tarantella (Spider:2)
  A redback (Spider:2)
  2 orc warriors (Orc:2)
  21 hexers
  An orc wizard (D:9)
  2 ancestors
  An orc (D:8)
  30 fungi
  60 plants
  4 starspawn tentacles (Abyss:2)
128 creatures vanquished.

Grand Total: 1182 creatures vanquished

Notes
Turn   | Place    | Note
-------+----------+-------------------------------------------
     0 | D:1      | Rrauwl the Minotaur Warper began the quest for the Orb.
     0 | D:1      | Reached XP level 1. HP: 18/18 MP: 1/1
   115 | D:1      | Reached XP level 2. HP: 22/25 MP: 1/3
   195 | D:1      | Learned a level 2 spell: Blink
   353 | D:1      | Reached XP level 3. HP: 28/30 MP: 4/4
   626 | D:2      | Noticed Robin
   650 | D:2      | Killed Robin
   651 | D:2      | Reached skill level 3 in Axes
   822 | D:2      | Reached XP level 4. HP: 29/38 MP: 5/5
  1639 | D:2      | Found a runed translucent door.
  1640 | D:2      | Noticed Crazy Yiuf
  2057 | D:2      | Identified a scroll of acquirement
  2057 | D:2      | Acquired 1100 gold pieces
  2139 | D:2      | Killed Crazy Yiuf
  2140 | D:2      | Reached XP level 5. HP: 39/45 MP: 7/7
  2261 | D:3      | Found a snail-covered altar of Cheibriados.
  2314 | D:3      | Found a faded altar of an unknown god.
  2322 | D:3      | Reached skill level 4 in Axes
  2406 | D:3      | Learned a level 2 spell: Lesser Beckoning
  2866 | D:4      | Reached skill level 5 in Axes
  3085 | D:4      | Noticed a wyvern
  3089 | D:4      | Reached XP level 6. HP: 47/51 MP: 8/8
  3092 | D:4      | Reached skill level 6 in Axes
  3092 | D:4      | Killed a wyvern
  3093 | D:4      | Reached skill level 7 in Axes
  3172 | D:4      | Reached XP level 7. HP: 51/57 MP: 9/9
  3513 | D:4      | Found an opulent altar of Gozag.
  3626 | D:4      | Noticed Ijyb
  3633 | D:4      | Paralysed by Ijyb for 4 turns
  3643 | D:4      | Killed Ijyb
  3644 | D:4      | Reached skill level 8 in Axes
  4150 | D:5      | Entered Level 5 of the Dungeon
  4201 | D:5      | Reached skill level 9 in Axes
  4303 | D:5      | Noticed Edmund
  4314 | D:5      | Killed Edmund
  4442 | D:5      | Reached skill level 10 in Axes
  4442 | D:5      | Reached XP level 8. HP: 39/63 MP: 10/10
  4564 | D:5      | Found Ipyup's Antique Weapon Boutique.
  4572 | D:5      | Bought a runed war axe for 175 gold pieces
  4948 | D:5      | Reached skill level 11 in Axes
  5225 | D:6      | Reached skill level 12 in Axes
  5509 | D:6      | Found a staircase to the Ecumenical Temple.
  5513 | Temple   | Entered the Ecumenical Temple
  5555 | Temple   | Became a worshipper of Hepliaklqana the Forgotten
  5696 | D:6      | Reached skill level 13 in Axes
  5696 | D:6      | Reached XP level 9. HP: 31/69 MP: 8/11
  6050 | D:7      | Reached * piety under Hepliaklqana
  6078 | D:7      | Gained mutation: You occasionally shout uncontrollably at
                  | your foes. [potion of mutation]
  6079 | D:7      | Lost mutation: You occasionally shout uncontrollably at
                  | your foes. [potion of mutation]
  6079 | D:7      | Gained mutation: You are partially covered in large bone
                  | plates. (SH +4) [potion of mutation]
  6079 | D:7      | Gained mutation: You expend magic power (3 MP) to
                  | strengthen your wands. [potion of mutation]
  6079 | D:7      | Gained mutation: You are partially covered in iridescent
                  | scales. (AC +2) [potion of mutation]
  6191 | D:7      | Reached skill level 14 in Axes
  6293 | D:7      | Noticed a two-headed ogre
  6301 | D:7      | Killed a two-headed ogre
  6302 | D:7      | Reached skill level 15 in Axes
  6702 | D:7      | Reached skill level 16 in Axes
  6723 | D:7      | Found Raunwuor's General Store.
  6728 | D:7      | Bought a scroll of enchant weapon for 105 gold pieces
  6728 | D:7      | Bought a potion of curing for 42 gold pieces
  6728 | D:7      | Bought a scroll of identify for 28 gold pieces
  6801 | D:8      | Found Zuralyi's Distillery.
  6809 | D:8      | Reached skill level 1 in Invocations
  6810 | D:8      | Reached XP level 10. HP: 69/69 MP: 12/12
  6867 | D:8      | Bought a potion of curing for 33 gold pieces
  6867 | D:8      | Bought a potion of lignification for 33 gold pieces
  6867 | D:8      | Bought a potion of heal wounds for 55 gold pieces
  6867 | D:8      | Bought a potion of haste for 110 gold pieces
  6867 | D:8      | Bought a potion of haste for 110 gold pieces
  6885 | D:8      | Found a bloodstained altar of Trog.
  6991 | D:8      | Found an iron altar of Okawaru.
  6996 | D:8      | Noticed Erica
  7009 | D:8      | Killed Erica
  7537 | D:8      | Reached ** piety under Hepliaklqana
  7538 | D:8      | Remembered your ancestor Mira as a hexer
  7541 | D:8      | Found a stormy altar of Qazlal.
  7675 | D:9      | Reached skill level 5 in Invocations
  7906 | D:9      | Noticed Erolcha
  7912 | D:9      | Killed Erolcha
  7913 | D:9      | Reached skill level 5 in Translocations
  8890 | D:10     | Entered Level 10 of the Dungeon
  8958 | D:10     | Noticed a two-headed ogre
  8964 | D:10     | Reached XP level 11. HP: 37/73 MP: 13/13
  8969 | D:10     | Reached skill level 5 in Armour
  8972 | D:10     | Killed a two-headed ogre
  9196 | D:10     | Noticed Sonja
  9219 | D:10     | Killed Sonja
  9504 | D:10     | Found a sacrificial altar of Ru.
  9665 | D:10     | Found a shimmering blue altar of Sif Muna.
 10115 | D:11     | Found a staircase to the Orcish Mines.
 10116 | D:11     | Noticed a two-headed ogre
 10121 | D:11     | Noticed a two-headed ogre
 10464 | D:11     | Reached *** piety under Hepliaklqana
 10543 | D:11     | Identified the +8 chain mail "Zebamp" {Stlth+}
 10735 | D:11     | Killed a two-headed ogre
 10736 | D:11     | Reached skill level 10 in Armour
 10769 | D:11     | Found a staircase to the Lair.
 10834 | D:11     | Killed a two-headed ogre
 10835 | D:11     | Reached skill level 5 in Dodging
 10939 | D:11     | You fall into a shaft and drop 2 floors!
 11146 | D:13     | Noticed a skeletal warrior
 11146 | D:13     | Noticed a skeletal warrior
 11147 | D:13     | Noticed a skeletal warrior
 11473 | D:11     | Reached XP level 12. HP: 80/80 MP: 12/14
 11490 | D:11     | Found Opeojele's Armour Boutique.
 11623 | D:11     | Noticed a two-headed ogre
 11631 | D:11     | Killed a two-headed ogre
 12129 | D:12     | Reached **** piety under Hepliaklqana
 12224 | D:12     | Found Vairas's General Store.
 12237 | D:12     | Bought a potion of haste for 150 gold pieces
 12585 | Lair:1   | Entered Level 1 of the Lair of Beasts
 12638 | Lair:1   | Reached skill level 10 in Dodging
 12768 | Lair:1   | Reached skill level 5 in Fighting
 13009 | Lair:1   | Found a transporter.
 13009 | Lair:1   | Found a transporter.
 13009 | Lair:1   | Noticed a boulder beetle
 13560 | Lair:2   | Found a staircase to the Shoals.
 13641 | Lair:2   | Reached skill level 10 in Fighting
 13670 | Lair:2   | Found a bloodstained altar of Trog.
 13670 | Lair:2   | Noticed a five-headed hydra
 13696 | Lair:2   | Killed a five-headed hydra
 13840 | Lair:2   | Found a hole to the Spider Nest.
 13882 | Lair:2   | Reached ***** piety under Hepliaklqana
 14032 | Lair:2   | Reached XP level 13. HP: 101/101 MP: 16/16
 14540 | Lair:3   | Reached skill level 17 in Axes
 14718 | Lair:3   | Found a gate leading to a gauntlet.
 15049 | Lair:3   | Reached skill level 18 in Axes
 15983 | Lair:4   | Found a viscous altar of Jiyva.
 15983 | Lair:4   | Found a staircase to the Slime Pits.
 16174 | Lair:5   | Entered Level 5 of the Lair of Beasts
 16174 | Lair:5   | Found a frozen archway.
 16192 | Lair:5   | Reached skill level 1 in Evocations
 16283 | IceCv    | Entered an ice cave
 16312 | IceCv    | Reached XP level 14. HP: 108/108 MP: 19/19
 16412 | IceCv    | Reached skill level 5 in Evocations
 16431 | IceCv    | Acquired 915 gold pieces
 16523 | IceCv    | Noticed a frost giant
 16552 | IceCv    | Killed a frost giant
 16609 | IceCv    | Found the +2 Maxwell's thermic engine {flame, freeze}
 17961 | Lair:5   | Found a large runed translucent door.
 17962 | Lair:5   | Found a large runed translucent door.
 18269 | Lair:5   | Identified the +4 ring mail of Zin's Inspiration {MP+9
                  | Int+3}
 18772 | D:13     | Reached ****** piety under Hepliaklqana
 18778 | D:13     | Found a faded altar of an unknown god.
 19002 | D:13     | Reached XP level 15. HP: 90/118 MP: 19/21
 19281 | D:13     | Found a gate to the Vaults.
 19698 | D:14     | Noticed Agnes
 19715 | D:14     | Killed Agnes
 19841 | D:14     | Reached skill level 10 in Invocations
 19935 | D:14     | Noticed Louise
 19985 | D:14     | Noticed Josephine
 19996 | D:14     | Killed Josephine
 20181 | Abyss:2  | Found a corrupted altar of Lugonu.
 20181 | Abyss:2  | Cast into level 2 of the Abyss (Louise)
 20200 | Abyss:2  | Found a corrupted altar of Lugonu.
 20224 | Abyss:2  | Noticed a tentacled starspawn
 20232 | Abyss:2  | Killed a tentacled starspawn
 20376 | Abyss:2  | Noticed a lich
 20386 | Abyss:2  | Killed a lich
 20404 | Abyss:2  | Noticed a tentacled starspawn
 20416 | Abyss:2  | Killed a tentacled starspawn
 20496 | D:14     | Escaped the Abyss
 20530 | D:14     | Killed Louise
 20825 | D:15     | Entered Level 15 of the Dungeon
 20863 | D:15     | Reached skill level 1 in Shields
 20998 | D:15     | Found a staircase to the Depths.
 21053 | D:15     | Reached XP level 16. HP: 104/129 MP: 22/22
 21106 | D:15     | Found a shadowy altar of Dithmenos.
 21504 | Orc:1    | Entered Level 1 of the Orcish Mines
 21800 | Orc:2    | Entered Level 2 of the Orcish Mines
 21800 | Orc:2    | Found a staircase to the Elven Halls.
 22109 | Orc:2    | Paralysed by an orc sorcerer for 5 turns
 22603 | Orc:2    | Reached skill level 5 in Shields
 22834 | Orc:2    | Found Vekud's Armour Boutique.
 22837 | Orc:2    | Found Vuosiblaele's Armour Shop.
 22838 | Orc:2    | Found Mojaestri's Assorted Antiques.
 22839 | Orc:2    | Found Neepat's Jewellery Boutique.
 22842 | Orc:2    | Bought a scroll of enchant armour for 225 gold pieces
 22842 | Orc:2    | Bought a potion of curing for 90 gold pieces
 22846 | Orc:2    | Bought a +0 pair of gloves of stealth for 172 gold pieces
 22862 | Orc:2    | Bought a ring of willpower for 350 gold pieces
 23005 | Orc:1    | Noticed Maurice
 23013 | Orc:1    | Killed Maurice
 23085 | Orc:1    | Found a transporter.
 23125 | Orc:1    | Found a transporter.
 23402 | Spider:1 | Entered Level 1 of the Spider Nest
 23531 | Spider:1 | Gained mutation: Your magical capacity is low. (-10% MP)
                  | [mutagenic glow]
 23568 | Spider:1 | Gained mutation: You occasionally shout uncontrollably at
                  | your foes. [mutagenic glow]
 23732 | Spider:1 | Lost mutation: You expend magic power (3 MP) to strengthen
                  | your wands. [potion of mutation]
 23732 | Spider:1 | Lost mutation: Your magical capacity is low. (-10% MP)
                  | [potion of mutation]
 23732 | Spider:1 | Lost mutation: You occasionally shout uncontrollably at
                  | your foes. [potion of mutation]
 23732 | Spider:1 | Gained mutation: Your spells are a little harder to cast,
                  | but a little more powerful. [potion of mutation]
 23732 | Spider:1 | Lost mutation: You are partially covered in large bone
                  | plates. (SH +4) [potion of mutation]
 23732 | Spider:1 | Gained mutation: Your muscles are strong. (Str +4, Int/Dex
                  | -1) [potion of mutation]
 24941 | Spider:2 | Reached skill level 15 in Fighting
 24942 | Spider:2 | Reached skill level 15 in Armour
 25253 | Spider:2 | Reached XP level 17. HP: 140/140 MP: 23/23
 25267 | Spider:2 | Learned a level 1 spell: Apportation
 25271 | Spider:2 | Learned a level 3 spell: Teleport Other
 25275 | Spider:2 | Learned a level 3 spell: Vhi's Electric Charge
 25515 | Spider:2 | You fall into a shaft and drop 1 floor!
 26085 | Depths:1 | Entered Level 1 of the Depths
 26088 | Depths:1 | Noticed Sojobo
 26094 | Depths:1 | Paralysed by an air elemental for 1 turns
 26276 | Elf:1    | Entered Level 1 of the Elven Halls
 26301 | Elf:1    | Reached skill level 15 in Dodging
 26426 | Elf:1    | Reached skill level 10 in Shields
 26592 | Elf:1    | Got the Elucidation of Bolts
 26791 | Elf:1    | Noticed Asterion
 26801 | Elf:1    | Noticed Jorgrun
 26805 | Elf:1    | HP: 2/140 [deep elf knight/lance of force (20)]
 26806 | Elf:1    | Demolished by Asterion

Illustrated notes

Levels and vault maps discovered:
D:1:      dpeg_arrival_houses_and_road, layout_basic, dreamdust_wishing_well,
          amcnicky_mini_rare_corridor_liquid
D:2:      layout_basic, uniq_crazy_yiuf_cottage, uniq_robin
D:3:      layout_basic, mainiacjoe_overflow_chevrons,
          hellmonk_ecumenical_altar_lost_god
D:4:      layout_layer_cave, marbit_many_paths, minmay_ogre_servants, uniq_ijyb
D:5:      layout_loops_ring, serial_shops, nicolae_shop_overgrown_old_shop,
          uniq_edmund
D:6:      layout_basic, temple_hall_moat, kennysheep_generic_room_6
D:7:      layout_cave_pools, serial_shops, nicolae_square_shop,
          grunt_ministairs_8, kennysheep_nondescript, columned_hall_lemuel
D:8:      layout_rooms, nicolae_overflow_crystal_walls, okawaru_gym_becter,
          lemuel_coloured_pillars_altar, serial_shops, shop,
          chequers_serial_rivers_small_3, serial_bayou_pond_b, uniq_erica
D:9:      layout_basic, evilmike_butchery, uniq_erolcha
D:10:     layout_roguey, kennysheep_orc_sif_temple, nicolae_ru_path_of_blood,
          uniq_sonja
D:11:     layout_layer_cave, erik_lair_island, minmay_orc_entry_guard_dogs,
          serial_shops, shop
D:12:     layout_irregular_city, serial_shops, nicolae_square_shop
D:13:     layout_stronghold, hangedman_vaults_entry_quadrant_bands,
          serial_column_ruins, column_ruins_temple_circle,
          column_ruins_columns_straight, column_ruins_columns_corner,
          column_ruins_grid_1, column_ruins_corridor_T,
          column_ruins_corridor_straight
D:14:     layout_grid_maze, special_room [special_room_orc], skrybe_limestone_x,
          grunt_ministairs_3, uniq_louise, uniq_josephine, uniq_agnes
D:15:     grunt_enter_depths_giant_problem, layout_rooms, grunt_dithmenos_smoke
Temple:   hellmonk_temple_of_storms
Lair:1:   gammafunk_boulding_lane, layout_hall_layers
Lair:2:   layout_concentric_octagons, nicolae_shoals_entry_roost,
          hellmonk_spider_entry_not_the_bees, basic_altar,
          grunt_forest_large_clearings, serial_bayou_shore_a
Lair:3:   layout_regular_city, gauntlet_entry_generic,
          infiniplex_staircase_pool, grunt_megastairs_2
Lair:4:   layout_regular_city, dpeg_slime_entry_enclosed
Lair:5:   cheibrodos_lair_end_hotspot, layout_long_grid,
          portal_ice_cave_entry_imps
Spider:1: layout_cave_pods, nicolae_spider_some_kinda_spiderbox
Spider:2: layout_chambers, nicolae_spider_baby_got_redback,
          hangedman_spider_tarantella_strand
Spider:3: layout_spider_delve
Orc:1:    gammafunk_beogh_shrine, layout_diamond_mine, uniq_maurice
Orc:2:    st_orc_pillars, layout_diamond_mine, mines_bat_river
Elf:1:    eino_elf_arrival_customs, layout_geoelf_grid, minmay_elf_annihilation,
          hangedman_decor_cross_pass, uniq_jorgrun, uniq_asterion
Depths:1: layout_long_grid, lightli_too_deep, nicolae_qazlal_general_emergency,
          abyss_entry, minmay_misc_feat_hallway, wad_floor_pattern_untrapped,
          minmay_crystal_box, minmay_shop_grove, uniq_enchantress, uniq_sojobo

Skill      XL: |  1  2  3  4  5  6  7  8  9 10 11 12 13 14 15 16 17 |
---------------+----------------------------------------------------+-----
Armour         | 2 4 10 12 13 15 | 15.0
Fighting       | 3 10 12 13 15 | 15.0
Axes           | 3 5 7 10 13 16 18 | 18.0
Dodging        | 3 8 10 12 13 14 15 | 15.0
Spellcasting   | 2 3 4 |  4.0
Translocations | 3 6 7 8 |  8.0
Invocations    | 1 5 6 8 9 10 | 10.0
Evocations     | 4 5 |  5.0
Shields        | 2 7 11 | 11.3
Throwing       | |  1.0

Action                     |  1- 3 |  4- 6 |  7- 9 | 10-12 | 13-15 | 16-18 || total
---------------------------+-------+-------+-------+-------+-------+-------++-------
  Melee: Hand axe          |    95 |   101 |    90 |       |       |       ||   286
         Headbutt          |    13 |    17 |    49 |   117 |   347 |   177 ||   720
         Punch             |       |     1 |     3 |     9 |    16 |       ||    29
         War axe           |       |       |   177 |   552 |  1238 |   762 ||  2729
         Morningstar       |       |       |       |     3 |    18 |       ||    21
   Cast: Blink             |       |       |     1 |       |       |     3 ||     4
 Invoke: Ancestor Life: He |       |       |       |     1 |       |       ||     1
         Recall Ancestor   |       |       |       |     4 |     6 |     5 ||    15
         Transference      |       |       |       |       |       |     1 ||     1
  Evoke: Wand              |       |       |    11 |    17 |       |     6 ||    34
         Lightning rod     |       |       |       |       |     3 |     8 ||    11
         Box of beasts     |       |       |       |       |       |     2 ||     2
    Use: Potion            |     2 |     4 |     5 |     7 |    11 |    11 ||    40
         Scroll            |       |     7 |    10 |     7 |     7 |    10 ||    41
   Stab: Paralysed         |       |       |    10 |       |    25 |    81 ||   116
         Confused          |       |       |       |    12 |    22 |    16 ||    50
         Distracted        |       |       |       |     7 |    17 |     9 ||    33
         Invisible         |       |       |       |       |     9 |       ||     9
         Sleeping          |       |       |       |       |       |     1 ||     1
 Armour: Leather armour    |    34 |    37 |    54 |    27 |       |       ||   152
         Chain mail        |       |       |       |    28 |       |       ||    28
         Troll leather arm |       |       |       |    33 |   346 |   293 ||   672
  Dodge: Dodged            |    58 |    54 |   159 |   379 |   917 |   504 ||  2071
  Block: Other             |       |       |    11 |    50 |   163 |       ||   224
         Tower shield      |       |       |       |       |    58 |   588 ||   646

Table legend: (Time is in decaauts)
 A = Elapsed time spent in this place.
 B = Non-inter-level travel time spent in this place.
 C = Inter-level travel time spent in this place.
 D = Time resting spent in this place.
 E = Time spent auto-exploring this place.
 F = Levels seen in this place.
 G = Mean time per level.
                   A        B        C        D        E       F      G
               +--------+--------+--------+--------+--------+-----+--------+
         Total |  26232 |  24715 |   1517 |     95 |  19079 |  30 |  874.4 |
       Dungeon |  15260 |  14397 |    863 |     87 |  11864 |  15 | 1017.3 |
        Temple |     57 |     34 |     23 |      0 |     22 |   1 |   57.0 |
          Lair |   5155 |   4742 |    413 |      3 |   3591 |   5 | 1031.0 |
   Spider Nest |   2476 |   2378 |     98 |      0 |   1817 |   3 |  825.3 |
  Orcish Mines |   1873 |   1755 |    118 |      0 |   1027 |   2 |  936.5 |
   Elven Halls |    532 |    532 |      0 |      3 |    307 |   1 |  532.0 |
        Depths |     10 |     10 |      0 |      0 |      0 |   1 |   10.0 |
         Abyss |    262 |    262 |      0 |      0 |    154 |   1 |  262.0 |
      Ice Cave |    602 |    602 |      0 |      2 |    293 |   1 |  602.0 |
               +--------+--------+--------+--------+--------+-----+--------+

Top non-repeatable levels by time:
    D:11: 1606 daAuts
     D:2: 1568 daAuts
  Lair:5: 1450 daAuts
Spider:2: 1350 daAuts
     D:4: 1313 daAuts
    D:10: 1227 daAuts
   Orc:2: 1227 daAuts
  Lair:2: 1210 daAuts
     D:9: 1204 daAuts
    D:13: 1068 daAuts
Spider:1: 1063 daAuts
    D:14: 1058 daAuts
     D:6: 936 daAuts
    D:12: 922 daAuts
     D:5: 887 daAuts
